 Dungeon Crawl Stone Soup version 0.30-a0-778-g2ef04afb54 (console) character file.

Game seed: 787706849702242821

33 rlgrobin the Chopper (level 3, -7/31 HPs)
             Began as a Meteoran Fighter on Feb 16, 2023.
             Killed by divine providence
             ... invoked by an orc priest
              (12 damage)
             ... on level 4 of the Dungeon.
             The game lasted 00:02:37 (368 turns).

rlgrobin the Chopper (Meteoran Fighter)              Turns: 368, Time: 00:02:37

Health: -7/31      AC:  6    Str: 20    XL:     3   Next: 70%
Magic:  0/4        EV:  9    Int:  9    God:
Gold:   75         SH:  5    Dex: 13    Spells: 2/2 levels left

rFire   . . .      SeeInvis .    a - +0 war axe
rCold   + . .      Faith    .    c - +0 buckler
rNeg    . . .      Spirit   +    b - +0 scale mail
rPois   .          Reflect  .    (no helmet)
rElec   .          Harm     .    (no cloak)
rCorr   .          Rampage  .    (no gloves)
Will    .....                    (no boots) Stlth
                                 h - amulet of guardian spirit
HPRegen 0.25/turn                f - ring of protection from cold
MPRegen 0.09/turn                (no ring)

@: glowing
A: sense surroundings 1, otherworldly, glowing, explore regen
a: no special abilities


You were on level 4 of the Dungeon.
You visited 1 branch of the dungeon, and saw 4 of its levels.

You collected 75 gold pieces.

Inventory:

Hand Weapons
 a - a +0 war axe (weapon)
Armour
 b - a +0 scale mail (worn)
 c - a +0 buckler (worn)
Jewellery
 f - a ring of protection from cold (left hand)
 h - an amulet of guardian spirit (around neck)
Wands
 g - a wand of flame (17)
Scrolls
 e - a scroll of fear {unknown}
 i - a scroll of magic mapping {unknown}
 j - a scroll of identify {unknown}
 k - a scroll of fog {unknown}
 l - a scroll of teleportation {unknown}
Potions
 d - a potion of might


   Skills:
 - Level 3.2 Fighting
 + Level 4.4 Axes
 - Level 3.6 Armour
 - Level 3.6 Shields


You had 2 spell levels left.
You didn't know any spells.
Your spell library was empty.

Dungeon Overview and Level Annotations

Branches:
Dungeon (4/15) Zot: 2018
 Temple: D:4-7

Altars:


Innate Abilities, Weirdness & Mutations

You passively map a small area around you.
You are easily found by Zot.
You glow in the dark.
You regain HP and MP as you explore.


Message History

Found 16 gold pieces.
You now have 63 gold pieces (gained 16).
Found 12 gold pieces.
You now have 75 gold pieces (gained 12).
A kobold, an orc and an orc priest come into view.
The kobold shouts!
You hear a shout!
You closely miss the kobold.
The kobold hits you but does no damage. x2
An orc comes into view. It is wielding a +0 dagger.
The kobold throws a stone.
The stone hits you but does no damage.
The kobold hits you with a +0 short sword.
The orc priest calls down the wrath of Beogh upon you.
Beogh smites you!
You barely miss the kobold. The kobold barely misses you.
The orc priest looks satisfied for a moment.
You closely miss the kobold. The kobold hits you but does no damage.
The orc priest casts a cantrip, but nothing happens.
You barely miss the kobold.
The kobold hits you but does no damage. x2
You barely miss the kobold.
The kobold hits you with a +0 short sword.
You hit the kobold.
The kobold is severely wounded.
The kobold hits you with a +0 short sword.
You hit the kobold.
You kill the kobold!
The orc hits you but does no damage.
You barely miss the orc. The orc barely misses you.
You slash the orc!
You kill the orc!
You slash the orc!
You kill the orc!
The orc priest mumbles some strange prayers to Beogh against you.
Pain shoots through your body!
* * * LOW HITPOINT WARNING * * *
You completely miss the orc priest.
The orc priest hits you but does no damage.
You barely miss the orc priest.
The orc priest hits you but does no damage.
The orc priest invokes the aid of Beogh against you.
Beogh smites you!
You die...

, , #.# *
#.# , #.#
*,* #.#
#.#######
#.......#
* ,*
#######.#
#.# , #@#
,* , *
#o# ,
#.oo....#
,,
#.#######
, * , , ,


You could see an orc priest.

Vanquished Creatures
  2 adders (D:3)
  2 orcs (D:4)
  A ball python (D:2)
  An endoplasm (D:2)
  A hobgoblin (D:2)
  2 quokkas
  A bat (D:3)
  A frilled lizard (D:2)
  3 kobolds
14 creatures vanquished.

Notes
Turn   | Place    | Note
-------+----------+-------------------------------------------
     0 | D:1      | rlgrobin the Meteoran Fighter began the quest for the Orb.
     0 | D:1      | Reached XP level 1. HP: 19/19 MP: 2/2
    86 | D:2      | Reached skill level 3 in Axes
    86 | D:2      | Reached XP level 2. HP: 26/26 MP: 3/3
   194 | D:3      | Reached XP level 3. HP: 30/31 MP: 4/4
   228 | D:3      | Reached skill level 4 in Axes
   368 | D:4      | Killed from afar by an orc priest

Illustrated notes

Levels and vault maps discovered:
D:1:      minmay_arrival_floating_metal, layout_loops_ring,
          minmay_tiny_reverse_x
D:2:      minmay_diamond_boxcup, layout_loops_corners, lemuel_flame_loot_1
D:3:      layout_rooms, uniq_grinder
D:4:      layout_basic, chequers_temple_overflow_statue_of_worship,
          minmay_temple_entry_slanted

Skill      XL: |  1  2  3 |
---------------+----------+-----
Axes           | 3 4 |  4.4
Fighting       | |  3.2
Armour         | |  3.6
Shields        | |  3.6

Action                     || total
---------------------------++-------
  Melee: War axe           ||    35
 Armour: Scale mail        ||    31
  Dodge: Dodged            ||    19
  Block: Buckler           ||     9

Table legend: (Time is in decaauts)
 A = Elapsed time spent in this place.
 B = Non-inter-level travel time spent in this place.
 C = Inter-level travel time spent in this place.
 D = Time resting spent in this place.
 E = Time spent auto-exploring this place.
 F = Levels seen in this place.
 G = Mean time per level.
                   A        B        C        D        E       F      G
               +--------+--------+--------+--------+--------+-----+--------+
         Total |    379 |    379 |      0 |      0 |      0 |   4 |   94.8 |
       Dungeon |    379 |    379 |      0 |      0 |      0 |   4 |   94.8 |
               +--------+--------+--------+--------+--------+-----+--------+

Top non-repeatable levels by time:
     D:2: 177 daAuts
     D:4: 98 daAuts
     D:3: 97 daAuts
     D:1: 7 daAuts
